 Dungeon Crawl Stone Soup version 0.28-a0-655-g4eb62b627b (webtiles) character file.

Game seed: 2207297863302845971

11249 ryw the Martial Artist (level 11, -6/72 HPs)
             Began as a Demonspawn Gladiator on Oct 12, 2021.
             Was a Priest of Hepliaklqana.
             Mangled by a blink frog (16 damage)
             ... on level 1 of the Lair of Beasts.
             The game lasted 00:41:28 (14695 turns).

ryw the Martial Artist (Demonspawn Gladiator)      Turns: 14695, Time: 00:41:29

Health: -6/72      AC:  5    Str: 19    XL:     11   Next: 46%
Magic:  11/15      EV: 15    Int: 23    God:    Hepliaklqana [***...]
Gold:   1366       SH:  0    Dex: 15    Spells: 13/16 levels left

rFire   . . .      SeeInvis +     - Unarmed
rCold   . . .      Faith    .   (no shield)
rNeg    . . .      Spirit   .   j - +0 robe
rPois   +          Reflect  .   o - +1 hat
rElec   .          Harm     .   M - scarf {shadows}
rCorr   .          Rampage  .   (gloves unavailable)
Will    .....                   n - +1 pair of boots "Fukkatz" {rPois Str+4 SInv}
Stlth   +++.......              F - amulet of regeneration
HPRegen 1.22/turn               m - +6 ring of intelligence
MPRegen 0.14/turn               A - ring "Lalexuer" {Str-2 Int+3 Slay+3 SInv}

@: lethally poisoned (-6 -> -9)
A: reduced essence, claws 3, big brain 1, demonic magic 2, hooves 1, strong 1
a: Renounce Religion, Recall Ancestor, Ancestor Identity, Transference


You were on level 1 of the Lair of Beasts.
You worshipped Hepliaklqana.
Hepliaklqana was most pleased with you.
You visited 2 branches of the dungeon, and saw 11 of its levels.
You also visited: Sewer and Ossuary.

You collected 2066 gold pieces.
You spent 700 gold pieces at shops.

Inventory:

Hand Weapons
 C - a +2 falchion of freezing
Missiles
 s - 95 poisoned darts (quivered)
 t - 4 throwing nets
 w - 5 curare-tipped darts
Armour
 j - a +0 robe (worn)
 n - the +1 pair of boots "Fukkatz" (worn) {rPois Str+4 SInv}
   (You bought it in a shop on level 3 of the Dungeon)

   Str:       It affects your strength (+4).
   rPois:     It protects you from poison.
   SInv:      It lets you see invisible.
 o - a +1 hat (worn)
 J - a +1 leather armour of poison resistance
 M - a scarf of shadows (worn)
 N - +0 fire dragon scales
Jewellery
 m - a +6 ring of intelligence (left claw)
 A - the ring "Lalexuer" (right claw) {Str-2 Int+3 Slay+3 SInv}
   (You bought it in a shop on level 3 of the Dungeon)

   [ring of see invisible]

   Str:       It affects your strength (-2).
   Int:       It affects your intelligence (+3).
   Slay:      It affects your accuracy & damage with ranged weapons and melee
   (+3).
   SInv:      It lets you see invisible.
 F - an amulet of regeneration (around neck)
Wands
 e - a wand of mindburst (21)
 f - a wand of paralysis (6)
 q - a wand of flame (36)
 E - a wand of iceblast (9)
 I - a wand of charming (14)
Scrolls
 b - a scroll of blinking
 h - 2 scrolls of magic mapping
 k - a scroll of enchant armour {unknown}
 l - 3 scrolls of teleportation
 r - 3 scrolls of identify
 x - a scroll of immolation
 y - a scroll of silence
 H - 2 scrolls of torment
 K - 2 scrolls of enchant weapon
Potions
 a - a potion of berserk rage
 c - 2 potions of magic
 d - 5 potions of curing
 g - a potion of might
 i - 2 potions of attraction
 p - 4 potions of flight
 u - 3 potions of haste
 v - 2 potions of lignification
 z - 3 potions of cancellation
 B - 2 potions of mutation
 D - 13 potions of degeneration
 G - 2 potions of heal wounds
 L - a potion of brilliance
 O - a potion of invisibility


   Skills:
 + Level 5.8 Fighting
 - Level 1.7 Throwing
 + Level 6.6 Dodging
 - Level 5.0 Stealth
 * Level 13.0 Unarmed Combat
 - Level 3.0 Spellcasting
 + Level 2.4 Air Magic
 + Level 4.2 Poison Magic


You had 13 spell levels left.
You knew the following spells:

 Your Spells              Type           Power      Damage    Failure   Level
a - Sting                 Tmut/Pois      52%        1d5       4%          1
b - Poisonous Vapours     Pois/Air       36%        N/A       4%          2

Your spell library contained the following spells:

 Spells                   Type           Power      Damage    Failure   Level
 Scorch                   Fire           6%         2d5       17%         2
 Olgreb's Toxic Radiance  Pois           22%        N/A       21%         4
 Portal Projectile        Hex/Tloc       6%         N/A       34%         3
 Stone Arrow              Conj/Erth      6%         3d7       34%         3
 Animate Armour           Summ/Erth      6%         N/A       75%         4
 Flame Wave               Conj/Fire      3%         3d3       75%         4
 Blade Hands              Tmut           1%         N/A       97%         5
 Excruciating Wounds      Necr           1%         N/A       97%         5
 Summon Cactus Giant      Summ           1%         N/A       100%        6
 Lehudib's Crystal Spear  Conj/Erth      1%         10d2      100%        8


Dungeon Overview and Level Annotations

Branches:
Dungeon (10/15)            Temple (0/1) D:4            Lair (1/6) D:10
    Orc (0/2) D:10          Sewer (visited)         Ossuary (visited)

Altars:
Dithmenos
Elyvilon
Hepliaklqana
Makhleb
Trog
Uskayaw
Wu Jian
Xom
Yredelemnul
Zin

Shops:
D:3 *=

Annotations:
D:6 2 runed translucent doors, lawman0's ghost, novice PaBe


Innate Abilities, Weirdness & Mutations

Your life essence is reduced to manifest your ancestor. (-10% HP)
You have claws for hands.
You have an unusually large brain. (Int +2)
Spells you cast may paralyse nearby enemies.
You have large cloven feet.
Your muscles are strong. (Str +2)


Message History

Aim: a blink frog (ally target) Poisonous vapours surround the blink frog!
The blink frog is poisoned.
Malevolent energies surge around you. The blink frog hits you!
The blink frog blinks!
A blink frog comes into view.
Edwyna hits the blink frog with a +0 dagger of draining!
You closely miss the blink frog.
The blink frog croaks.
You claw the blink frog!
The blink frog is heavily wounded.
The blink frog hits you! The blink frog hits you.
The blink frog blinks!
A water moccasin comes into view.
You barely miss the blink frog.
The blink frog is heavily wounded.
The blink frog blinks!
The water moccasin bites Edwyna.
You swap places.
The blink frog barely misses you. The water moccasin barely misses you.
Casting: Poisonous Vapours (safe; 4% risk of failure)
Confirm with . or Enter, or press ? or * to list all spells.
Aiming: Poisonous Vapours (safe; 4% risk of failure)
Press: ? - help, Dir - move target, f/p - blink frog
Aim: a blink frog (moderately wounded, poisoned) Poisonous vapours surround the blink frog!
The blink frog looks even sicker.
Malevolent energies surge around you. The water moccasin bites you!
You are poisoned.
The water moccasin poisons you! The water moccasin barely misses you.
You scratch the blink frog.
The blink frog is severely wounded.
You feel very sick. The blink frog barely misses you. The blink frog hits you!
The blink frog blinks!
The water moccasin bites you but does no damage.
The blink frog hits you!
The blink frog blinks!
You feel very sick. The blink frog hits you!
* * * LOW HITPOINT WARNING * * *
The blink frog blinks!
Edwyna barely misses the blink frog.
The water moccasin barely misses you. The blink frog hits you!
You die...

##.... #
...[.
.##....
.....# ##
#...# ..#
#..# #.##
#..##F..#
#.RFS#
#.##@###
#.
#ยง..####.
P.
#..#...#
## ##..#
#..# #..#


You could see the friendly Edwyna the hexer, 4 blink frogs and a water moccasin
(ally target).

Vanquished Creatures
  Erolcha (D:9)
  3 centaur zombies
  A gargoyle (D:10)
  3 trolls (D:10)
  Grinder (D:3)
  Sigmund (D:3)
  A shadow (D:10)
  A wyvern (D:10)
  17 yaks
  2 steam dragons
  3 vampire mosquitoes (D:8)
  Edmund (D:6)
  A water moccasin (D:7)
  2 acid dragons (D:10)
  4 black bears
  A sky beast (D:6)
  A swamp drake (D:10)
  3 orc warriors
  An ice beast (D:7)
  A necrophage (D:7)
  2 ogres
  5 centaurs
  4 kobold brigands
  A bullfrog (D:6)
  A gnoll sergeant (D:8)
  2 scorpions
  A wyvern zombie (D:7)
  A water moccasin skeleton (D:3)
  16 killer bees
  5 wights (D:7)
  A bullfrog zombie (D:7)
  2 jellies
  2 centaur skeletons
  4 orc priests
  A human zombie (D:7)
  Jessica (D:2)
  2 iguanas
  12 orc wizards
  Natasha (thrice) (D:3)
  A killer bee zombie (D:7)
  2 hound skeletons (D:4)
  7 mummies
  Robin (D:3)
  8 adders
  2 gnolls (D:8)
  2 white imps (D:5)
  An ufetubus (D:4)
  An adder skeleton (D:4)
  2 worms
  2 dart slugs
  27 orcs
  8 ball pythons
  10 endoplasms
  6 giant cockroaches
  2 gnoll zombies (Ossuary)
  7 hobgoblins
  14 jackals
  29 kobolds
  2 quokkas
  8 bats
  6 frilled lizards
  14 goblins
  A hobgoblin zombie (Ossuary)
  A kobold zombie (Ossuary)
  2 orc zombies (Ossuary)
  A quokka skeleton (D:4)
  5 rats
287 creatures vanquished.

Vanquished Creatures (collateral kills)
  A yak (D:10)
  A black bear (D:8)
  An orc warrior (D:5)
  2 ogres (D:6)
  5 killer bees
  2 orc priests
  3 mummies (Ossuary)
  A howler monkey skeleton (D:7)
  A gnoll (D:8)
  An adder (D:6)
  An ufetubus (D:6)
  3 orcs
  2 hobgoblin zombies (Ossuary)
24 creatures vanquished.

Vanquished Creatures (others)
  An ancestor (D:6)
  4 hexers
  A plant (Sewer)
6 creatures vanquished.

Grand Total: 317 creatures vanquished

Notes
Turn   | Place    | Note
-------+----------+-------------------------------------------
     0 | D:1      | ryw the Demonspawn Gladiator began the quest for the Orb.
     0 | D:1      | Reached XP level 1. HP: 16/16 MP: 1/1
   398 | D:1      | Gained mutation: Spells you cast may paralyse adjacent
                  | enemies. [demonic ancestry]
   398 | D:1      | Reached XP level 2. HP: 20/23 MP: 2/2
   894 | D:1      | Gained mutation: You have sharp fingernails. [demonic
                  | ancestry]
   894 | D:1      | Reached XP level 3. HP: 29/29 MP: 3/3
  1315 | D:2      | Found a burning altar of Makhleb.
  1458 | D:2      | Found a faded altar of an unknown god.
  1497 | D:2      | Reached skill level 3 in Unarmed Combat
  1936 | D:2      | Noticed Jessica
  2254 | D:2      | Reached XP level 4. HP: 35/35 MP: 4/4
  2362 | D:2      | Killed Jessica
  2431 | D:3      | Noticed Robin
  2609 | D:3      | Reached skill level 4 in Unarmed Combat
  2609 | D:3      | Gained mutation: You have an unusually large brain. (Int
                  | +2) [demonic ancestry]
  2609 | D:3      | Reached XP level 5. HP: 33/41 MP: 5/5
  2720 | D:3      | Noticed Sigmund
  2730 | D:3      | Killed Sigmund
  2731 | D:3      | Reached XP level 6. HP: 45/47 MP: 6/6
  2800 | D:3      | Noticed Grinder
  2855 | D:3      | Found Uzeips's Jewellery Boutique.
  3043 | D:3      | Paralysed by Grinder for 5 turns
  3063 | D:3      | Paralysed by Grinder for 6 turns
  3084 | D:3      | Killed Grinder
  3085 | D:3      | Reached skill level 5 in Unarmed Combat
  3404 | D:3      | Gained mutation: You have very sharp fingernails. [demonic
                  | ancestry]
  3404 | D:3      | Reached XP level 7. HP: 47/52 MP: 7/7
  3559 | D:3      | Noticed Natasha
  3563 | D:3      | Killed Natasha
  3704 | D:3      | Noticed Natasha
  3712 | D:3      | Killed Natasha
  3820 | D:3      | Killed Robin
  3940 | D:3      | Reached skill level 6 in Unarmed Combat
  4057 | D:3      | Found Ypippug's General Store.
  4159 | D:4      | Found a glowing drain.
  4170 | Sewer    | Entered a sewer
  4679 | Sewer    | Reached skill level 5 in Dodging
  5502 | D:4      | Found a hide-covered altar of Uskayaw.
  5605 | D:3      | Found a hazy altar of Hepliaklqana.
  5605 | D:3      | Found an ornate altar of the Wu Jian Council.
  5837 | D:3      | Found a shadowy altar of Dithmenos.
  5845 | D:3      | Became a worshipper of Hepliaklqana the Forgotten
  6150 | D:4      | Reached skill level 7 in Unarmed Combat
  6252 | D:4      | Found a staircase to the Ecumenical Temple.
  6339 | D:4      | Gained mutation: You have claws for hands. [demonic
                  | ancestry]
  6339 | D:4      | Reached XP level 8. HP: 31/60 MP: 8/8
  6619 | D:5      | Entered Level 5 of the Dungeon
  7010 | D:5      | Reached skill level 1 in Stealth
  7023 | D:5      | Reached skill level 8 in Unarmed Combat
  7314 | D:5      | Reached skill level 9 in Unarmed Combat
  7314 | D:5      | Reached XP level 9. HP: 64/65 MP: 9/9
  7763 | D:5      | Found a shimmering altar of Xom.
  7839 | D:5      | Reached * piety under Hepliaklqana
  8820 | D:5      | Gained mutation: You have large cloven feet. [potion of
                  | mutation]
  8820 | D:5      | Gained mutation: Your body sometimes deteriorates upon
                  | taking damage. [potion of mutation]
  8820 | D:5      | Lost mutation: Your body sometimes deteriorates upon taking
                  | damage. [potion of mutation]
  8820 | D:5      | Gained mutation: Your muscles are strong. (Str +2) [potion
                  | of mutation]
  8861 | D:5      | Learned a level 1 spell: Sting
  9029 | D:6      | Found a runed translucent door.
  9030 | D:6      | Noticed lawman0's ghost (novice PaBe)
  9070 | D:6      | Found a runed translucent door.
  9077 | D:6      | Found a burning altar of Makhleb.
  9403 | D:6      | Reached skill level 5 in Stealth
  9616 | D:6      | Noticed Edmund
  9652 | D:6      | Killed Edmund
  9799 | D:6      | Reached skill level 10 in Unarmed Combat
  9919 | D:6      | Reached skill level 1 in Spellcasting
  9919 | D:6      | Reached skill level 1 in Poison Magic
 10160 | D:3      | Noticed Natasha
 10165 | D:3      | Killed Natasha
 10191 | D:3      | Bought the +1 pair of boots "Fukkatz" {rPois Str+4 SInv}
                  | for 333 gold pieces
 10196 | D:3      | Upgraded the game from 0.28-a0-653-g7e9dba17c3 to
                  | 0.28-a0-655-g4eb62b627b
 10392 | D:7      | Found a sand-covered staircase.
 10401 | Ossuary  | Entered an ossuary
 10724 | D:7      | Reached ** piety under Hepliaklqana
 10725 | D:7      | Remembered your ancestor Edwyna as a hexer
 11240 | D:7      | Gained mutation: Spells you cast may paralyse nearby
                  | enemies. [demonic ancestry]
 11240 | D:7      | Reached XP level 10. HP: 63/63 MP: 12/12
 11431 | D:7      | Reached skill level 5 in Fighting
 11458 | D:7      | Found a basalt altar of Yredelemnul.
 11916 | D:8      | Reached skill level 11 in Unarmed Combat
 12433 | D:8      | Found a bloodstained altar of Trog.
 12701 | D:9      | Reached *** piety under Hepliaklqana
 12792 | D:9      | Reached skill level 12 in Unarmed Combat
 12956 | D:9      | Identified a scroll of acquirement
 12956 | D:9      | Acquired 1178 gold pieces
 13080 | D:3      | Bought the ring "Lalexuer" {Str-2 Int+3 Slay+3 SInv} for
                  | 367 gold pieces
 13089 | D:3      | Learned a level 2 spell: Poisonous Vapours
 13288 | D:9      | Noticed Erolcha
 13298 | D:9      | Killed Erolcha
 13613 | D:10     | Entered Level 10 of the Dungeon
 13640 | D:10     | Reached XP level 11. HP: 52/71 MP: 14/14
 13669 | D:10     | Reached skill level 1 in Air Magic
 13802 | D:10     | Found a staircase to the Lair.
 14007 | D:10     | Reached skill level 13 in Unarmed Combat
 14116 | D:10     | Found a staircase to the Orcish Mines.
 14683 | Lair:1   | Entered Level 1 of the Lair of Beasts
 14695 | Lair:1   | Mangled by a blink frog

Illustrated notes

Levels and vault maps discovered:
D:1:      dpeg_arrival_rooms_c, layout_basic
D:2:      layout_basic, basic_altar, ebering_ecumenical_altar_sacrificial,
          uniq_jessica
D:3:      layout_basic, nicolae_overflow_hidden_temple, serial_shops,
          nicolae_lakefront_shop, shop, uniq_grinder, uniq_natasha,
          uniq_sigmund, uniq_robin
D:4:      layout_cave_pools, mainiacjoe_overflow_surrounded_room,
          minmay_temple_entry_slanted, portal_sewer_entry_d
D:5:      layout_basic, mainiacjoe_overflow_alcove_4, kennysheep_big_empty_room
D:6:      layout_basic, kennysheep_little_box, ebering_ghost_sewer_f,
          nicolae_underground_beach, uniq_edmund
D:7:      layout_basic, lemuel_mausoleum_altar_yredelemnul,
          nicolae_ossuary_entry_monument, nrook_campfire
D:8:      layout_rooms, nicolae_overflow_crystal_walls,
          gammafunk_temple_overflow_wave, minmay_stone_trees_small,
          minmay_misc_feat_tower, minmay_splitting_lines,
          chequers_serial_rivers_marsh, grunt_decor_mini_mirrors,
          amcnicky_mini_rare_corridor_liquid, kennysheep_crisscross
D:9:      layout_roguey, uniq_erolcha
D:10:     layout_cave_pools, david_lair_generic, erik_orc_1,
          hangedman_decor_clover_reticule
Lair:1:   lemuel_ratsnest, layout_loops_ring, nicolae_volcano_entry_hallway

Skill      XL: |  1  2  3  4  5  6  7  8  9 10 11 |
---------------+----------------------------------+-----
Fighting       | 3 4 5 |  5.8
Unarmed Combat | 3 4 5 7 9 10 12 13 | 13.0
Dodging        | 3 4 5 6 |  6.6
Stealth        | 4 5 |  5.0
Spellcasting   | 1 2 3 |  3.0
Poison Magic   | 2 3 4 |  4.2
Air Magic      | 2 |  2.4
Throwing       | |  1.7

Action                   |  1- 3 |  4- 6 |  7- 9 | 10-12 || total
-------------------------+-------+-------+-------+-------++-------
Melee: Unarmed           |   214 |    61 |   426 |   289 ||   990
       Punch             |     4 |       |     9 |    14 ||    27
       Kick              |       |       |    16 |       ||    16
Throw: Throwing net      |     1 |     5 |       |       ||     6
       Dart              |       |     7 |     9 |     1 ||    17
 Cast: Sting             |       |       |     2 |       ||     2
       Poisonous Vapours |       |       |       |     8 ||     8
Invok: Recall Ancestor   |       |       |     1 |     2 ||     3
       Ancestor Life: He |       |       |     1 |       ||     1
  Use: Potion            |     1 |     1 |     9 |     1 ||    12
       Scroll            |       |       |    15 |     4 ||    19
 Stab: Held in net/web   |       |     2 |       |       ||     2
       Sleeping          |       |       |     6 |     5 ||    11
       Distracted        |       |       |     2 |     7 ||     9
       Confused          |       |       |       |     7 ||     7
       Paralysed         |       |       |       |     4 ||     4
Armor: Leather armour    |    72 |    18 |    92 |       ||   182
       Robe              |       |       |     6 |    52 ||    58
Dodge: Dodged            |   119 |    39 |   232 |   193 ||   583

Table legend: (Time is in decaauts)
 A = Elapsed time spent in this place.
 B = Non-inter-level travel time spent in this place.
 C = Inter-level travel time spent in this place.
 D = Time resting spent in this place.
 E = Time spent auto-exploring this place.
 F = Levels seen in this place.
 G = Mean time per level.
                   A        B        C        D        E       F      G
               +--------+--------+--------+--------+--------+-----+--------+
         Total |  14569 |  13590 |    979 |   3233 |   7440 |  13 | 1120.7 |
       Dungeon |  13483 |  12504 |    979 |   3089 |   6862 |  10 | 1348.3 |
          Lair |     11 |     11 |      0 |      0 |      0 |   1 |   11.0 |
         Sewer |    769 |    769 |      0 |    136 |    484 |   1 |  769.0 |
       Ossuary |    306 |    306 |      0 |      8 |     94 |   1 |  306.0 |
               +--------+--------+--------+--------+--------+-----+--------+

Top non-repeatable levels by time:
     D:3: 2326 daAuts
     D:5: 2151 daAuts
     D:2: 1494 daAuts
     D:6: 1372 daAuts
     D:1: 1303 daAuts
     D:4: 1079 daAuts
     D:7: 1029 daAuts
    D:10: 960 daAuts
     D:9: 910 daAuts
     D:8: 854 daAuts
   Sewer: 769 daAuts
 Ossuary: 306 daAuts
  Lair:1: 11 daAuts
